AoeStats
← Ph03n1x

Black Forest

503919959Analyzed
4v4 RM · 1mo ago on Sep 3, 2026· 60m 11s· 8 players
Game mode
Random Map
Map size
Large (8 player)
Population
200
Speed
Normal
Resources
Standard
Victory
Conquest
Starting age
Dark Age
Ending age
Imperial Age
RankedLock teamsTeams togetherTeam positionsShared explorationLock speedFull tech treeHidden civsTurbo modeCheats
Victory
Defeat
🇵🇪 Inca · Peru
1306
+11
🇧🇷 Italians · Brazil
1237
+14
🇧🇷 Persians · Brazil
1218
+15
🇦🇷 Jurchens · Argentina
1210
+15
🇺🇸 Goths · United States
1266
-17
🇺🇸 Khmer · United States
1215
-15
🇦🇷 Chinese · Argentina
1147
-12
🇦🇷 Magyars · Argentina
1141
-11
EclipC
1:08 Loom
13:09 Feudal Age
13:55 Double-Bit Axe
13:54 Horse Collar
16:42 Castle Age
18:01 Bow Saw
17:54 Heavy Plow
20:52 Wheelbarrow
22:43 Hand Cart
23:58 Gold Mining
25:19 Stone Mining
27:28 Stone Shaft Mining
27:30 Gold Shaft Mining
30:18 Imperial Age
27:26 Pikeman
28:07 Squires
27:52 Arson
28:14 Scale Mail Armor
28:24 Forging
29:16 Chain Mail Armor
29:54 Town Watch
31:35 Iron Casting
32:09 Chemistry
31:15 Siege Engineers
30:42 Heavy Rocket Cart
32:45 Two-Man Saw
32:20 Crop Rotation
32:00 Halberdier
35:15 Thunderclap Bombs
35:25 Conscription
35:30 Town Patrol
40:38 Gambesons
42:03 Blast Furnace
46:13 Caravan
48:38 Coinage
48:18 Guilds
59:34 Elite Iron Pagoda
60:23 Scale Barding Armor
León Sin Melena
0:41 Loom
11:13 Feudal Age
15:05 Castle Age
13:39 Double-Bit Axe
16:25 Town Watch
24:58 Wheelbarrow
25:19 Bow Saw
24:56 Horse Collar
26:16 Hand Cart
30:31 Imperial Age
29:04 Scale Mail Armor
29:25 Heavy Plow
29:18 Gold Mining
29:19 Stone Mining
30:38 Chain Mail Armor
30:34 Forging
30:27 Squires
30:12 Arson
31:47 Conscription
32:00 Siege Engineers
32:09 Masonry
32:30 Plate Mail Armor
32:31 Onager
34:39 Hoardings
34:50 Iron Casting
34:42 Treadmill Crane
34:53 Fletching
36:28 Chemistry
36:08 Gold Shaft Mining
36:37 Stone Shaft Mining
36:18 Elite Kamayuk
39:27 Blast Furnace
38:40 Fabric Shields
38:52 Capped Ram
40:32 Siege Ram
47:07 Ballistics
48:53 Bodkin Arrow
51:27 Bracer
51:08 Pikeman
52:38 Murder Holes
54:45 Caravan
56:00 Halberdier
57:27 Halberdier
ZePablo
0:28 Loom
10:53 Feudal Age
14:05 Town Watch
17:13 Castle Age
15:01 Double-Bit Axe
18:12 Bow Saw
26:29 Horse Collar
27:37 Wheelbarrow
27:49 Heavy Plow
29:00 Hand Cart
32:48 Imperial Age
31:16 Fletching
31:27 Padded Archer Armor
32:25 Ballistics
32:59 Silk Road
32:41 Caravan
34:28 Chemistry
33:32 Bodkin Arrow
33:52 Leather Archer Armor
34:24 Leather Archer Armor
34:33 Conscription
35:29 Gold Mining
36:56 Pirotechnia
43:13 Thumb Ring
42:46 Elite Genoese Crossbowman
43:45 Bracer
44:56 Ring Archer Armor
Dougras
10:09 Feudal Age
12:19 Double-Bit Axe
14:24 Loom
17:09 Castle Age
15:50 Horse Collar
16:13 Gold Mining
18:31 Bow Saw
20:45 Heavy Plow
21:27 Wheelbarrow
27:47 Hand Cart
27:17 Town Watch
31:53 Imperial Age
33:34 Two-Man Saw
33:06 Crop Rotation
33:20 Gold Shaft Mining
32:35 Stone Mining
33:21 Gold Shaft Mining
32:36 Stone Mining
33:48 Chemistry
32:52 Husbandry
33:02 Bloodlines
32:12 Light Cavalry
33:45 Heavy Scorpion
34:49 Ballistics
34:39 Masonry
33:59 Onager
35:43 Stone Shaft Mining
34:38 Crossbowman
35:24 Thumb Ring
35:42 Conscription
35:24 Kamandaran
36:02 Hoardings
34:52 Hussar
36:13 Guilds
36:34 Coinage
36:04 Caravan
36:15 Scale Barding Armor
36:20 Forging
36:01 Fletching
36:11 Padded Archer Armor
36:11 Cavalier
36:11 Heavy Camel Rider
37:17 Chain Barding Armor
37:05 Elite Skirmisher
37:11 Pikeman
37:51 Squires
37:36 Arson
38:30 Iron Casting
37:56 Scale Mail Armor
42:41 Citadels
44:12 Blast Furnace
44:43 Banking
43:45 Savar
45:54 Leather Archer Armor
45:35 Bodkin Arrow
46:16 Plate Barding Armor
45:57 Chain Mail Armor
48:57 Architecture
48:22 Murder Holes
50:15 Ring Archer Armor
50:16 Plate Mail Armor
59:33 Town Patrol
Paradise7461
11:21 Feudal Age
15:13 Castle Age
13:04 Double-Bit Axe
16:57 Bow Saw
18:17 Wheelbarrow
18:16 Horse Collar
20:27 Hand Cart
21:00 Loom
22:46 Gold Mining
27:43 Ballistics
30:01 Imperial Age
31:01 Double Crossbow
31:21 Heavy Scorpion
32:32 Conscription
34:08 Caravan
34:19 Tusk Swords
35:34 Chemistry
35:45 Town Watch
36:07 Siege Engineers
36:19 Bloodlines
36:10 Husbandry
36:23 Forging
37:06 Scale Barding Armor
37:17 Heavy Plow
37:51 Murder Holes
38:51 Hoardings
37:41 Capped Ram
39:13 Siege Ram
39:25 Elite Battle Elephant
43:37 Light Cavalry
46:36 Chain Barding Armor
47:34 Hussar
47:47 Pikeman
49:04 Halberdier
52:53 Elite Skirmisher
54:20 Fletching
55:08 Iron Casting
55:09 Plate Barding Armor
54:35 Padded Archer Armor
58:39 Onager
Ph03n1x
0:34 Loom
12:59 Feudal Age
16:10 Double-Bit Axe
19:20 Castle Age
19:16 Forging
24:45 Scale Mail Armor
25:15 Horse Collar
26:28 Gold Mining
29:47 Bow Saw
31:37 Iron Casting
32:11 Wheelbarrow
31:21 Town Watch
36:06 Imperial Age
34:22 Chain Mail Armor
33:36 Pikeman
34:53 Squires
34:55 Man-at-Arms
35:52 Caravan
35:31 Long Swordsman
37:47 Blast Furnace
36:52 Perfusion
37:13 Conscription
36:15 Halberdier
38:05 Anarchy
MateoargeAOE
9:56 Feudal Age
14:37 Castle Age
14:02 Double-Bit Axe
21:41 Horse Collar
22:43 Gold Mining
26:04 Wheelbarrow
29:22 Gold Shaft Mining
28:55 Heavy Plow
29:10 Bow Saw
31:55 Imperial Age
29:51 Husbandry
30:25 Stone Mining
30:52 Hand Cart
30:23 Loom
30:58 Hand Cart
30:32 Loom
31:34 Scale Barding Armor
31:20 Fletching
31:44 Bloodlines
32:29 Cavalier
34:06 Chain Barding Armor
33:56 Caravan
34:14 Paladin
36:36 Plate Barding Armor
36:50 Pikeman
37:37 Scale Mail Armor
37:52 Halberdier
47:20 Crop Rotation
51:58 Elite Skirmisher
56:21 Corvinian Army
Maxi24875
0:31 Loom
11:06 Feudal Age
14:49 Castle Age
12:42 Double-Bit Axe
12:40 Horse Collar
15:01 Wheelbarrow
24:26 Caravan
30:47 Imperial Age
28:37 Bow Saw
29:21 Fletching
29:32 Padded Archer Armor
30:18 Hand Cart
30:06 Heavy Plow
30:10 Bodkin Arrow
32:49 Two-Man Saw
31:53 Bracer
32:09 Leather Archer Armor
32:59 Chemistry
32:12 Fortified Wall
33:04 Town Watch
33:43 Ballistics
33:50 Conscription
34:24 Ring Archer Armor
33:19 Crossbowman
34:05 Thumb Ring
34:53 Bombard Tower
34:45 Masonry
34:31 Murder Holes
34:30 Crossbowman
35:53 Ballistics
35:47 Squires
35:14 Arbalester
35:36 Heavy Rocket Cart
37:39 Architecture
40:31 Great Wall
43:44 Two-Man Saw
45:55 Elite Chu Ko Nu
48:42 Guard Tower
48:38 Arrowslits
49:10 Forging
49:39 Sappers
Connection lost

Rejoining the realm…

Still unreachable

The connection could not be restored.

Session expired

The server has moved on; the page needs a fresh start.